 Dungeon Sprint DCSS version 0.27-a0-797-g27d10ad80f (webtiles) character file.

Game seed: 16976288460845173963

9921 mhtbhm the Bludgeoner (level 11, -1/124 HPs)
             Began as a Troll Berserker on Mar 27, 2021.
             Was the Champion of Trog.
             Slain by an orc knight
             ... wielding a +1 great sword
              (24 damage)
             ... in the Dungeon (Sprint IX: "|||||||||||||||||||||||||||||").
             The game lasted 00:02:59 (1133 turns).

mhtbhm the Bludgeoner (Troll Berserker)             Turns: 1133, Time: 00:03:00

Health: -1/124     AC: 16    Str: 30    XL:     11   Next: 29%
Magic:  10/10      EV: 12    Int:  6    God:    Trog [******]
Gold:   709        SH:  0    Dex:  9    Spells: 10/10 levels left

rFire    . . .     SeeInvis .   a - +2 dire flail (protect)
rCold    . . .     Faith    .   (shield currently unavailable)
rNeg     . . .     Spirit   .   b - +0 troll leather armour
rPois    .         Reflect  .   (helmet restricted)
rElec    .         Harm     .   (no cloak)
rCorr    .         Rampage  .   (gloves unavailable)
Will     .....     NoTele   +   (boots unavailable)
Stlth    +.........             (no amulet)
HPRegen  2.30/turn              l - +2 ring of protection
MPRegen  0.12/turn              k - +3 ring of intelligence

@: protection aura, berserk cooldown, slowed, very slow
A: large, unfitting armour, claws 3, regeneration 1, shaggy fur 1, tough skin 1
a: Renounce Religion, Berserk, Trog's Hand, Brothers in Arms


You were in the Dungeon.
You worshipped Trog.
Trog was exalted by your worship.
You visited 1 branch You collected 709 gold pieces.

Inventory:

Hand Weapons
 a - a +2 dire flail of protection (weapon)
 s - the +14 triple sword "Leel" {flame, Will+}
   (Trog gifted it to you in the Dungeon)

   It has been specially enchanted to burn those struck by it, causing extra
   injury to most foes and up to half again as much damage against particularly
   susceptible opponents.
   Big, fiery blades are also staple armaments of hydra-hunters.
   It affects your willpower, your defense against some magical effects.
Armour
 b - a +0 troll leather armour (worn)
Jewellery
 k - a +3 ring of intelligence (right claw)
 l - a +2 ring of protection (left claw)
Wands
 j - a wand of acid (1)
Scrolls
 h - a scroll of blinking
 o - 2 scrolls of enchant armour
 p - 4 scrolls of enchant weapon
 q - a scroll of fog
 r - a scroll of identify
 t - a scroll of fear
Potions
 c - 5 potions of curing
 d - 6 potions of heal wounds
 e - a potion of haste
 f - 4 potions of magic
 g - a potion of berserk rage
 i - a potion of invisibility
 m - a potion of mutation
Miscellaneous
 n - a tin of tremorstones (2/2)


   Skills:
 + Level 12.7 Fighting
 + Level 16.0 Maces & Flails
 + Level 6.1 Armour
 + Level 10.8 Dodging
 + Level 2.2 Stealth
 + Level 3.9 Evocations


You had 10 spell levels left.
You didn't know any spells.
Your spell library was empty.

Dungeon Overview and Level Annotations

Branches:
Dungeon (1/1)

Altars:
Cheibriados
Dithmenos
Elyvilon
Fedhas
Gozag
Hepliaklqana
Kikubaaqudgha
Makhleb
Nemelex Xobeh
Okawaru
Qazlal
Ru
Sif Muna
Trog
Uskayaw
Vehumet
Wu Jian
Xom
Yredelemnul
Zin
The Shining One
Beogh
Jiyva
Lugonu


Innate Abilities, Weirdness & Mutations

You are too large for most types of armour.
You have claws for hands.
Your natural rate of healing is unusually fast.
You are covered in fur. (AC +1)
You have tough skin. (AC +1)


Message History

You feel yourself slow down.
The orc warrior hits you with a +0 scimitar!
You hit the orc warrior.
You kill the orc warrior!
Trog accepts your kill.
You closely miss the orc. The orc barely misses you.
You puncture the orc!
You kill the orc!
Trog accepts your kill.
You closely miss the orc knight. The orc warrior closely misses you.
The orc knight hits you with a +1 great sword!
An orc warrior comes into view. It is wielding a +0 long sword.
The orc warrior shouts!
You hit the orc knight but do no damage.
The orc warrior hits you from afar with a +0 trident!
The orc knight hits you with a +1 great sword.
You hit the orc knight.
The orc knight is lightly wounded.
You closely miss the orc knight.
The orc knight is lightly wounded.
The orc warrior hits you from afar with a +0 trident!
The orc knight hits you with a +1 great sword.
You sock the orc knight!
The orc knight is lightly wounded.
The orc no longer looks unusually strong.
The orc warrior no longer looks unusually strong. x2
The orc warrior hits you from afar with a +0 trident!
The orc knight hits you with a +1 great sword!!
* * * LOW HITPOINT WARNING * * *
Your stone giant goes berserk!
The orc warrior no longer looks unusually strong.
The orc warrior hits you from afar with a +0 trident.
* * * LOW HITPOINT WARNING * * *
The orc knight roars a battlecry!
The orcs go into a battle-frenzy!
The orc warrior jeers to no one in particular.
The orc warrior hits you from afar with a +0 trident!
* * * LOW HITPOINT WARNING * * *
The orc knight hits you with a +1 great sword!!
You die...

▓.▓.▓.▓_▓
▓.▓.▓.▓.▓_▓
▓o▓.▓.▓.▓_▓
▓o▓.▓.▓.▓_▓
▓o▓.▓.▓.▓_▓
▓o▓.▓.▓.▓_▓
▓o▓.▓.▓.▓_▓
▓o▓.▓†▓.▓_▓
▓@▓.▓†▓.▓_▓
▓C▓.▓.▓.▓_▓
▓)▓.▓.▓.▓_▓
▓)▓.▓.▓.▓_▓
▓)▓.▓.▓.▓_▓
▓.▓.▓.▓.▓_▓
▓.▓.▓.▓.▓_▓
▓)▓.▓.▓.▓_▓
▓)▓.▓†▓.▓_▓


You could see an orc knight (ally target), 4 orc warriors, an orc (strong) and a
friendly stone giant (summoned, berserk).

Vanquished Creatures
  A hydra (D)
  A catoblepas (D)
  4 death yaks (D)
  A tengu warrior (D)
  An ugly thing (D)
  An unseen horror (D)
  3 cane toads (D)
  A komodo dragon (D)
  2 trolls (D)
  A blink frog (D)
  A slime creature (D)
  6 yaks (D)
  2 basilisks (D)
  5 water moccasins (D)
  6 orc warriors (D)
  3 bullfrogs (D)
  A howler monkey (D)
  An orc priest (D)
  2 orc wizards (D)
  An adder (D)
  An ufetubus (D)
  A dart slug (D)
  10 orcs (D)
  A bat zombie (D)
  An endoplasm (D)
  A giant cockroach (D)
  A goblin (D)
  A hobgoblin (D)
  A ball python zombie (D)
  A kobold (D)
  A quokka skeleton (D)
64 creatures vanquished.

Vanquished Creatures (collateral kills)
  An orc knight (D)
  An orc warrior (D)
  An orc (D)
3 creatures vanquished.

Grand Total: 67 creatures vanquished

Notes
Turn   | Place    | Note
-------+----------+-------------------------------------------
     0 | D        | mhtbhm the Troll Berserker began the quest for the Orb.
     0 | D        | Reached XP level 1. HP: 22/22 MP: 0/0
     8 | D        | Reached skill level 3 in Maces & Flails
    10 | D        | Reached ** piety under Trog
   124 | D        | Reached XP level 2. HP: 31/31 MP: 1/1
   124 | D        | Reached *** piety under Trog
   129 | D        | Reached skill level 4 in Maces & Flails
   133 | D        | Reached **** piety under Trog
   167 | D        | Found a snail-covered altar of Cheibriados.
   167 | D        | Found a shadowy altar of Dithmenos.
   167 | D        | Found a white marble altar of Elyvilon.
   167 | D        | Found a blossoming altar of Fedhas.
   167 | D        | Found an opulent altar of Gozag.
   168 | D        | Found a hazy altar of Hepliaklqana.
   169 | D        | Found a viscous altar of Jiyva.
   170 | D        | Found an ancient bone altar of Kikubaaqudgha.
   171 | D        | Found a corrupted altar of Lugonu.
   172 | D        | Found a burning altar of Makhleb.
   173 | D        | Found a sparkling altar of Nemelex Xobeh.
   174 | D        | Found an iron altar of Okawaru.
   175 | D        | Found a stormy altar of Qazlal.
   176 | D        | Found a sacrificial altar of Ru.
   177 | D        | Found a shimmering blue altar of Sif Muna.
   178 | D        | Found a bloodstained altar of Trog.
   179 | D        | Found a hide-covered altar of Uskayaw.
   180 | D        | Found a radiant altar of Vehumet.
   181 | D        | Found an ornate altar of the Wu Jian Council.
   182 | D        | Found a shimmering altar of Xom.
   183 | D        | Found a basalt altar of Yredelemnul.
   184 | D        | Found a glowing silver altar of Zin.
   185 | D        | Found a glowing golden altar of the Shining One.
   214 | D        | Noticed an orc warrior
   214 | D        | Noticed a troll
   214 | D        | Noticed a howler monkey
   217 | D        | Killed a howler monkey
   218 | D        | Reached skill level 5 in Maces & Flails
   218 | D        | Reached XP level 3. HP: 39/39 MP: 2/2
   224 | D        | Killed a troll
   225 | D        | Reached skill level 7 in Maces & Flails
   225 | D        | Reached skill level 5 in Dodging
   225 | D        | Reached XP level 4. HP: 47/52 MP: 3/3
   225 | D        | Reached XP level 5. HP: 53/59 MP: 4/4
   231 | D        | Killed an orc warrior
   232 | D        | Reached skill level 8 in Maces & Flails
   232 | D        | Reached XP level 6. HP: 20/68 MP: 5/5
   232 | D        | Reached ***** piety under Trog
   233 | D        | Reached skill level 9 in Maces & Flails
   283 | D        | Noticed a komodo dragon
   283 | D        | Noticed a slime creature
   283 | D        | Noticed a purple ugly thing
   283 | D        | Noticed a troll
   283 | D        | Noticed a tengu warrior
   286 | D        | Killed a troll
   287 | D        | Reached XP level 7. HP: 63/79 MP: 6/6
   296 | D        | Killed an unseen horror
   297 | D        | Reached skill level 10 in Maces & Flails
   297 | D        | Reached skill level 1 in Armour
   297 | D        | Reached skill level 1 in Evocations
   300 | D        | Killed a tengu warrior
   301 | D        | Reached skill level 11 in Maces & Flails
   301 | D        | Reached XP level 8. HP: 89/92 MP: 7/7
   303 | D        | Killed a purple ugly thing
   304 | D        | Reached skill level 12 in Maces & Flails
   305 | D        | Killed a slime creature
   306 | D        | Reached XP level 9. HP: 58/101 MP: 8/8
   309 | D        | Killed a komodo dragon
   446 | D        | Noticed a cane toad
   456 | D        | Reached skill level 10 in Fighting
   458 | D        | Reached ****** piety under Trog
   458 | D        | Identified the +14 triple sword "Leel" {flame, Will+} (Trog
                  | gifted it to you in the Dungeon)
   458 | D        | Received a gift from Trog
   459 | D        | Reached skill level 13 in Maces & Flails
   465 | D        | Killed a cane toad
   486 | D        | Received a gift from Trog
   600 | D        | Noticed a cane toad
   600 | D        | Noticed a five-headed hydra
   605 | D        | Killed a five-headed hydra
   606 | D        | Reached skill level 14 in Maces & Flails
   606 | D        | Reached XP level 10. HP: 111/111 MP: 9/9
   606 | D        | Noticed a cane toad
   611 | D        | Killed a cane toad
   628 | D        | Killed a cane toad
   629 | D        | Reached skill level 5 in Armour
   647 | D        | Reached skill level 10 in Dodging
   673 | D        | Noticed a death yak
   673 | D        | Noticed a death yak
   673 | D        | Noticed a death yak
   673 | D        | Noticed a death yak
   680 | D        | Killed a death yak
   680 | D        | Received a gift from Trog
   681 | D        | Noticed a catoblepas
   686 | D        | Killed a death yak
   687 | D        | Reached skill level 15 in Maces & Flails
   698 | D        | Killed a death yak
   769 | D        | Killed a death yak
   770 | D        | Reached skill level 1 in Stealth
   770 | D        | Reached XP level 11. HP: 123/123 MP: 10/10
   795 | D        | Killed a catoblepas
   809 | D        | Received a gift from Trog
  1011 | D        | Received a gift from Trog
  1013 | D        | Noticed an orc knight
  1029 | D        | HP: 4/124 [orc warrior/+0 halberd (13)]
  1035 | D        | Killed an orc knight
  1102 | D        | Noticed an orc knight
  1107 | D        | Received a gift from Trog
  1119 | D        | Reached skill level 16 in Maces & Flails
  1133 | D        | Slain by an orc knight

Illustrated notes

Levels and vault maps discovered:
D:        linesprint [early_d, line_temple, items_1, d_10, items_2, lair_1,
          lair_end, items_3, orc_1, orc_end, items_4, d_15, swamp_1, shoals_1,
          snake_1, spider_1, d_20, vaults_1, items_5, swamp_end, shoals_end,
          snake_end, spider_end, vaults_end, d_27, items_6, zot_1, zot_end,
          crypt_end, forest_end, elf_end, slime_end, tomb_end, abyss_end,
          pan_hell_end]

Skill      XL: |  1  2  3  4  5  6  7  8  9 10 11 |
---------------+----------------------------------+-----
Maces & Flails | 3 5 7 8 9 11 12 14 15 16 | 16.0
Fighting       | 3 4 6 7 9 10 12 | 12.7
Dodging        | 3 4 5 6 7 8 9 10 | 10.8
Armour         | 1 2 4 5 6 |  6.1
Evocations     | 1 2 3 |  3.9
Stealth        | 1 2 |  2.2

Action                   |  1- 3 |  4- 6 |  7- 9 | 10-12 || total
-------------------------+-------+-------+-------+-------++-------
Melee: Mace              |    21 |       |       |       ||    21
       Dire flail        |     9 |     6 |    59 |   138 ||   212
Invok: Berserk           |     2 |       |     3 |     4 ||     9
       Brothers in Arms  |       |       |       |     2 ||     2
Evoke: Wand              |       |     5 |     3 |     1 ||     9
  Use: Scroll            |       |       |       |     1 ||     1
       Potion            |       |       |       |     1 ||     1
 Stab: Petrified         |       |       |       |     5 ||     5
Armor: Animal skin       |     7 |       |       |       ||     7
       Troll leather arm |       |     3 |    16 |    31 ||    50
Dodge: Dodged            |    14 |     1 |    11 |    47 ||    73

Table legend: (Time is in decaauts)
 A = Elapsed time spent in this place.
 B = Non-inter-level travel time spent in this place.
 C = Inter-level travel time spent in this place.
 D = Time resting spent in this place.
 E = Time spent auto-exploring this place.
 F = Levels seen in this place.
 G = Mean time per level.
                   A        B        C        D        E       F      G
               +--------+--------+--------+--------+--------+-----+--------+
         Total |   1105 |   1105 |      0 |    438 |    179 |   1 | 1105.0 |
       Dungeon |   1105 |   1105 |      0 |    438 |    179 |   1 | 1105.0 |
               +--------+--------+--------+--------+--------+-----+--------+

Top non-repeatable levels by time:
       D: 1105 daAuts
